 Dungeon Crawl Stone Soup version 0.30.1 (webtiles) character file.

Game seed: 10738247169221102279

154 cdecastro the Cudgeller (level 5, 0/53 HPs)
             Began as a Troll Fighter on July 13, 2023.
             Slain by an ogre
             ... wielding a +0 giant club
              (30 damage)
             ... on level 4 of the Dungeon.
             The game lasted 00:04:21 (2036 turns).

cdecastro the Cudgeller (Troll Fighter)             Turns: 2036, Time: 00:04:22

Health: 0/53       AC:  4    Str: 24    XL:     5   Next: 13%
Magic:  4/4        EV:  9    Int:  4    God:
Gold:   230        SH:  8    Dex: 11    Spells: 4/4 levels left

rFire   . . .        (no weapon)
rCold   . . .        c - +0 kite shield
rNeg    . . .        b - +0 robe
rPois   .            (helmet restricted)
rElec   .            (no cloak)
rCorr   .            (gloves unavailable)
SInv    .            (boots unavailable)
Will    .....        (no amulet)
Stlth   +            (no ring)
HPRegen 1.08/turn    (no ring)
MPRegen 0.09/turn

%: no passive effects
@: mighty
A: large, unfitting armour, claws 3, regeneration 1, shaggy fur 1, tough skin 1
a: no special abilities


You were on level 4 of the Dungeon.
You visited 1 branch of the dungeon, and saw 4 of its levels.

You collected 230 gold pieces.

Inventory:

Hand Weapons
 a - a +0 flail
Missiles
 e - 9 large rocks (quivered)
 u - 2 poisoned darts
Armour
 b - a +0 robe (worn)
 c - a +0 kite shield (worn)
 s - a +0 cloak
Scrolls
 f - 5 scrolls of identify {unknown}
 h - 2 scrolls of amnesia {unknown}
 i - 2 scrolls of fear {unknown}
 o - 2 scrolls of poison {unknown}
 q - a scroll of fog {unknown}
 r - a scroll of teleportation {unknown}
 t - a scroll of enchant weapon {unknown}
Potions
 d - a potion of might
 g - a potion of haste {unknown}
 j - 2 potions of mutation {unknown}
 k - 2 potions of lignification {unknown}
 l - a potion of flight {unknown}
 m - a potion of curing {unknown}
 p - a potion of ambrosia {unknown}
 v - a potion of attraction {unknown}


   Skills:
 + Level 3.3 Fighting
 * Level 4.1 Maces & Flails
 - Level 2.4 Dodging
 - Level 2.6 Shields


You had 4 spell levels left.
You didn't know any spells.
Your spell library contained the following spells:

 Spells                   Type           Power      Damage    Failure   Level
 Lesser Beckoning         Tloc           0%         N/A       88%         2
 Gell's Gravitas          Tloc           0%         N/A       98%         3
 Teleport Other           Tloc           0%         N/A       98%         3
 Dispersal                Tloc           0%         N/A       100%        6


Dungeon Overview and Level Annotations

Branches:
Dungeon (4/15)
 Temple: D:4-7

Altars:
Nemelex Xobeh


Innate Abilities, Weirdness & Mutations

You are too large for most types of armour.
You have claws for hands.
Your natural rate of healing is unusually fast.
You are covered in fur. (AC +1)
You have tough skin. (AC +1)


Message History

No target in view!
No target in view!
HP restored.
d - 2 potions of might (gained 1)
You see here an adder corpse.
A hobgoblin, an adder and a dart slug come into view.
Found 10 gold pieces.
The hobgoblin shouts!
The adder hisses angrily.
A kobold comes into view. It is wielding a +0 whip.
The kobold shouts!
The kobold throws a stone.
The stone barely misses you.
The kobold throws a stone.
The stone hits you.
An ogre comes into view. It is wielding a +0 giant club.
The ogre shouts!
You see here 10 gold pieces.
The adder attacks as you move away! The adder bites you but does no damage.
You claw the kobold!
You kill the kobold!
The adder bites you. You block the adder's attack.
You feel very mighty all of a sudden. The adder bites you.
You barely miss the ogre. You block the adder's attack.
The ogre hits you with a +0 giant club!!
You claw the ogre!
The ogre is moderately wounded.
You block the adder's attack. x2; The ogre barely misses you.
You claw the ogre!
The ogre is severely wounded.
The adder bites you but does no damage.
You barely miss the ogre.
The ogre is severely wounded.
You block the adder's attack.
The ogre hits you with a +0 giant club!!
Ouch! That really hurt!
* * * LOW HITPOINT WARNING * * *
You block the adder's attack.
You feel much better. The adder bites you.
The ogre hits you with a +0 giant club!!
Ouch! That really hurt!
You die...

### #..
#..########.#
#.....O@Sgw#
##.#######.#
#####.##
#......#
#.####....#
#. #.# .w.##
#. #.# ...#
#. #.# ⌠..#
#.# #.# ...#
###.##


You could see an ogre, an adder, a dart slug and a hobgoblin.

Vanquished Creatures
  4 gnolls (D:3)
  4 adders
  A worm (D:2)
  A dart slug (D:4)
  An orc (D:3)
  7 bats
  4 endoplasms
  3 giant cockroaches (D:1)
  6 goblins
  9 hobgoblins
  4 jackals (D:3)
  3 quokkas
  8 ball pythons
  4 frilled lizards (D:2)
  8 kobolds
  5 rats
72 creatures vanquished.

Notes
Turn   | Place    | Note
-------+----------+-------------------------------------------
     0 | D:1      | cdecastro the Troll Fighter began the quest for the Orb.
     0 | D:1      | Reached XP level 1. HP: 22/22 MP: 0/0
    57 | D:1      | Reached skill level 2 in Maces & Flails
   133 | D:1      | Reached XP level 2. HP: 29/29 MP: 1/1
   169 | D:1      | Found a faded altar of an unknown god.
   731 | D:2      | Reached XP level 3. HP: 36/36 MP: 2/2
   745 | D:2      | Found a sparkling altar of Nemelex Xobeh.
   847 | D:2      | Reached skill level 3 in Maces & Flails
   983 | D:2      | Reached XP level 4. HP: 45/45 MP: 3/3
  1634 | D:3      | Reached skill level 4 in Maces & Flails
  1726 | D:3      | Reached XP level 5. HP: 53/53 MP: 4/4
  2027 | D:4      | Noticed an ogre
  2036 | D:4      | Slain by an ogre

Illustrated notes

Levels and vault maps discovered:
D:1:      scummos_arrival_checkerplants, layout_basic,
          shapermc_ecumenical_altar_notcrosses
D:2:      minmay_angry_zag, layout_rooms, basic_altar
D:3:      layout_basic, serial_aquarium, aquarium_bridge_square
          [aquarium_subvault_wall, aquarium_subvault_wall,
          aquarium_subvault_wall, aquarium_subvault_bridge], aquarium_window_2,
          aquarium_window_fake, aquarium_window_corridor_3, aquarium_window_2,
          aquarium_view_2d, aquarium_balcony_3a, aquarium_pool_S,
          nicolae_concentric_dashed_squares_mild
D:4:      layout_loops_ring, minmay_temple_entry_sparse_star,
          hangedman_feature_mirror

Skill      XL: |  1  2  3  4 |
---------------+-------------+-----
Maces & Flails | 2 3 4 |  4.1
Fighting       | 3 |  3.3
Dodging        | |  2.4
Shields        | |  2.6

Action                     |  1- 3 |  4- 6 || total
---------------------------+-------+-------++-------
  Melee: Unarmed           |   161 |    99 ||   260
    Use: Potion            |       |     2 ||     2
   Stab: Sleeping          |       |     1 ||     1
 Armour: Robe              |    69 |    28 ||    97
  Dodge: Dodged            |    59 |    31 ||    90
  Block: Kite shield       |    67 |    41 ||   108
